 Dungeon Crawl Stone Soup version 0.28-a0-1213-g0243856f03 (webtiles) character file.

Game seed: 18157455548676721675

152 frimble the Grasshopper (level 5, 0/38 HPs)
             Began as a Demonspawn Warper on Dec 22, 2021.
             Slain by Sigmund (2 damage)
             ... on level 3 of the Dungeon.
             The game lasted 00:02:22 (2208 turns).

frimble the Grasshopper (Demonspawn Warper)         Turns: 2208, Time: 00:02:23

Health: 0/38       AC: 10    Str: 11    XL:     5   Next: 11%
Magic:  8/8        EV: 12    Int: 16    God:
Gold:   54         SH:  0    Dex: 13    Spells: 4/8 levels left

rFire   . . .      SeeInvis .   i - +4 dagger (drain)
rCold   . . .      Faith    .   (no shield)
rNeg    . . .      Spirit   .   b - +1 leather armour
rPois   .          Reflect  .   (no helmet)
rElec   .          Harm     .   (no cloak)
rCorr   .          Rampage  .   (no gloves)
Will    .....                   (no boots)
Stlth   +.........              (no amulet)
HPRegen 0.12/turn               (no ring)
MPRegen 0.22/turn               (no ring)

@: sanguine armoured
A: magic regeneration, sanguine armour 1
a: no special abilities


You were on level 3 of the Dungeon.
You visited 1 branch of the dungeon, and saw 3 of its levels.

You collected 54 gold pieces.

Inventory:

Hand Weapons
 a - a +0 falchion of freezing
 h - a +1 vampiric short sword
 i - a +4 dagger of draining (weapon)
Missiles
 d - 5 boomerangs of dispersal (quivered)
Armour
 b - a +1 leather armour (worn)
Scrolls
 c - a scroll of blinking
 g - a scroll of identify
 k - a scroll of torment {unknown}
Potions
 e - a potion of mutation
 f - a potion of magic {unknown}
 j - a potion of ambrosia {unknown}
 l - a potion of invisibility {unknown}
 m - 2 potions of heal wounds {unknown}
 n - a potion of attraction {unknown}


   Skills:
 - Level 2.1 Fighting
 + Level 2.2(2.8) Short Blades
 - Level 2.3(2.8) Long Blades
 - Level 1.0 Throwing
 - Level 1.1 Armour
 - Level 2.7 Dodging
 - Level 2.1 Spellcasting
 + Level 3.4 Translocations


You had 4 spell levels left.
You knew the following spells:

 Your Spells              Type           Power      Damage    Failure   Level
a - Blink                 Tloc           24%        N/A       10%         2
b - Passwall              Tmut/Erth      0%         N/A       38%         2

Your spell library contained the following spells:

 Spells                   Type           Power      Damage    Failure   Level
 Gell's Gravitas          Tloc           12%        N/A       19%         3
 Lesser Beckoning         Tloc           12%        N/A       19%         3
 Teleport Other           Tloc           12%        N/A       19%         3
 Sandblast                Erth           2%         2d4       26%         1
 Conjure Flame            Conj/Fire      1%         6-21      63%         3
 Ignite Poison            Fire/Tmut/Pois 1%         N/A       63%         3
 Stone Arrow              Conj/Erth      2%         3d7       63%         3
 Sticky Flame             Conj/Fire      1%         2d3       95%         4
 Manifold Assault         Tloc           12%        N/A       87%         5


Dungeon Overview and Level Annotations

Branches:
Dungeon (3/15)

Altars:

Shops:
D:1 *

Annotations:
D:3 Sigmund


Innate Abilities, Weirdness & Mutations

You regenerate magic rapidly.
When seriously injured, your blood forms armour. (AC +6)


Message History

Sigmund is nearby!
Sigmund is nearby!
Sigmund gestures at you while chanting. You resist with some effort.
Sigmund gestures at you while chanting.
You are confused.
You are too confused!
You are too confused!
You are too confused!
You are too confused!
You are too confused!
Sigmund casts a spell at you. The magic dart hits you!
Your blood congeals into armour.
You hit Sigmund. You drain Sigmund.
Sigmund is moderately wounded.
Sigmund closely misses you.
Sigmund casts a spell.
Sigmund flickers and vanishes!
Deactivating autopickup; reactivate with Ctrl-A.
You're too confused to move!
Something hits you but does no damage.
You bump into the rock wall.
You feel less confused. Something hits you but does no damage.
Your blood armour dries and flakes away.
Something hits you.
Your blood congeals into armour.
You hit something. You hit something. Something hits you but does no damage.
You barely miss something. You barely miss something. Something hits you.
You miss something. You closely miss something. Something hits you.
You miss something. Something hits you but does no damage.
You miss something. You completely miss something. Something hits you!
* * * LOW HITPOINT WARNING * * *
You barely miss something. You miss something. Something hits you.
* * * LOW HITPOINT WARNING * * *
You hit something but do no damage. Something hits you.
You die...

##.#
#....###.#
#.# #.#.##
#.#
#.######.#.#
#.#
#........#†#
#.#
##.########.#
#.# ...#
#.####.# ####
##....#.###
#.........#
#.###.#@#.# .
#.#{#.# #
#.#.# #.#.#
#.#.# #.#.#
#.#.# #.#


There were no monsters in sight!

Vanquished Creatures
  Jessica (D:2)
  Natasha (D:3)
  5 adders
  2 worms (D:2)
  A dart slug (D:2)
  An orc (D:3)
  7 ball pythons
  5 bats
  3 endoplasms
  3 giant cockroaches
  2 goblins
  3 hobgoblins
  2 quokkas (D:1)
  3 frilled lizards
  5 kobolds
  4 rats
48 creatures vanquished.

Notes
Turn   | Place    | Note
-------+----------+-------------------------------------------
     0 | D:1      | frimble the Demonspawn Warper began the quest for the Orb.
     0 | D:1      | Reached XP level 1. HP: 16/16 MP: 3/3
    22 | D:1      | Found Qut Bu Zunu's General Store.
   143 | D:1      | Reached skill level 1 in Armour
   256 | D:1      | Reached skill level 1 in Throwing
   305 | D:1      | Gained mutation: When seriously injured, your blood forms
                  | armour. (AC +6) [demonic ancestry]
   305 | D:1      | Reached XP level 2. HP: 14/22 MP: 5/5
   595 | D:1      | Learned a level 2 spell: Blink
   744 | D:2      | Reached XP level 3. HP: 13/27 MP: 6/6
  1329 | D:2      | Reached skill level 1 in Short Blades
  1516 | D:2      | Learned a level 2 spell: Passwall
  1634 | D:3      | Gained mutation: You regenerate magic rapidly. [demonic
                  | ancestry]
  1634 | D:3      | Reached XP level 4. HP: 33/33 MP: 7/7
  1732 | D:3      | Noticed Natasha
  1737 | D:3      | Killed Natasha
  1738 | D:3      | Reached skill level 3 in Translocations
  1850 | D:3      | Noticed Jessica
  1972 | D:2      | Killed Jessica
  1973 | D:2      | Reached XP level 5. HP: 25/38 MP: 8/8
  2185 | D:3      | Noticed Sigmund
  2208 | D:3      | Slain by Sigmund

Illustrated notes

Levels and vault maps discovered:
D:1:      scummos_arrival_star, layout_basic, serial_shops,
          nicolae_shop_waterfront, nrook_campfire
D:2:      layout_basic
D:3:      layout_loops_ring, uniq_jessica, uniq_natasha, uniq_sigmund

Skill      XL: |  1  2  3  4 |
---------------+-------------+-----
Armour         | 1 |  1.1
Throwing       | 1 |  1.0
Long Blades    | 2 |  2.3
Dodging        | 2 |  2.7
Short Blades   | 1 2 |  2.2
Translocations | 3 |  3.4
Fighting       | |  2.1
Spellcasting   | |  2.1

Action                   |  1- 3 |  4- 6 || total
-------------------------+-------+-------++-------
Melee: Falchion          |    63 |       ||    63
       Short sword       |    15 |       ||    15
       Dagger            |    41 |    41 ||    82
  Use: Scroll            |     6 |       ||     6
Armor: Leather armour    |    49 |    11 ||    60
Dodge: Dodged            |    77 |    13 ||    90

Table legend: (Time is in decaauts)
 A = Elapsed time spent in this place.
 B = Non-inter-level travel time spent in this place.
 C = Inter-level travel time spent in this place.
 D = Time resting spent in this place.
 E = Time spent auto-exploring this place.
 F = Levels seen in this place.
 G = Mean time per level.
                   A        B        C        D        E       F      G
               +--------+--------+--------+--------+--------+-----+--------+
         Total |   2213 |   2179 |     34 |    115 |   1684 |   3 |  737.7 |
       Dungeon |   2213 |   2179 |     34 |    115 |   1684 |   3 |  737.7 |
               +--------+--------+--------+--------+--------+-----+--------+

Top non-repeatable levels by time:
     D:2: 1133 daAuts
     D:1: 705 daAuts
     D:3: 373 daAuts
